 Dungeon Crawl Stone Soup version 0.31.0-11-ge490571c62 (webtiles) character file.

Game seed: 937637418532929579

61 Silvore the Trooper (level 3, -1/29 HPs)
             Began as a Demonspawn Fighter on Feb 8, 2024.
             Killed from afar by an orc wizard (12 damage)
             ... with a puff of flame
             ... on level 3 of the Dungeon.
             The game lasted 00:03:07 (1872 turns).

Silvore the Trooper (Demonspawn Fighter)            Turns: 1872, Time: 00:03:08

Health: -1/29      AC: 11    Str: 18    XL:     3   Next: 83%
Magic:  3/3        EV: 10    Int:  8    God:
Gold:   110        SH:  0    Dex: 12    Spells: 2/2 levels left

rFire   . . .        a - +0 long sword
rCold   . . .        c - +0 buckler
rNeg    . . .        l - +0 plate armour
rPois   .            (helmet restricted)
rElec   .            (no cloak)
rCorr   .            (no gloves)
SInv    .            (no boots)
Will    .....        (no amulet) Stlth
                     e - +5 ring of evasion
HPRegen 0.24/turn    (no ring)
MPRegen 0.08/turn

%: no passive effects
@: confused
A: horns 1, weakness stinger 1
a: no special abilities


You were on level 3 of the Dungeon.
You visited 1 branch of the dungeon, and saw 3 of its levels.

You collected 110 gold pieces.

Inventory:

Hand Weapons
 a - a +0 long sword (weapon)
Armour
 b - a +0 scale mail
 c - a +0 buckler (worn)
 l - a +0 plate armour (worn)
Jewellery
 e - a +5 ring of evasion (left hand)
 i - a ring of resist corrosion
Wands
 m - a wand of polymorph (9)
Scrolls
 n - a scroll of poison {unknown}
Potions
 d - a potion of might
 f - 2 potions of degeneration {unknown}
 g - a potion of enlightenment {unknown}
 h - 2 potions of lignification {unknown}
 j - a potion of magic {unknown}
 k - 2 potions of curing {unknown}


   Skills:
 + Level 3.4 Fighting
 + Level 2.6 Long Blades
 + Level 2.8 Armour
 + Level 0.4 Dodging
 + Level 3.3 Shields


You had 2 spell levels left.
You didn't know any spells.
Your spell library was empty.

Dungeon Overview and Level Annotations

Branches:
Dungeon (3/15)

Altars:
Vehumet


Innate Abilities, Weirdness & Mutations

You have a pair of small horns on your head.
You have a small tail.


Message History

The orc wizard hits you with a +0 dagger.
The orc wizard attacks as it pursues you!
The orc wizard hits you but does no damage.
The orc wizard gestures at you while chanting.
The magic dart hits you.
The orc wizard attacks as it pursues you!
The orc wizard closely misses you.
The orc wizard gestures wildly while chanting.
The orc wizard flickers and vanishes!
The orc wizard casts a spell at you. The puff of flame hits you!
The orc wizard attacks as it pursues you!
You block the orc wizard's attack.
The orc wizard points at you and mumbles some strange words.
You are confused.
You bump into the rock wall.
You bump into the rock wall.
The orc wizard hits you but does no damage.
You bump into the rock wall.
The orc wizard misses you.
Unknown command.
You bump into the rock wall.
The orc wizard hits you but does no damage.
You bump into the rock wall.
You feel less confused. The orc wizard closely misses you.
The orc wizard misses you.
The orc wizard gestures at you while chanting.
You are confused.
The orc wizard hits you with a +0 dagger.
You closely miss the orc wizard. Your headbutt misses the orc wizard.
The orc wizard casts a spell at you. The magic dart hits you.
The orc wizard mumbles some strange words.
The orc wizard flickers and vanishes!
The orc wizard points at you and mumbles some strange words.
The magic dart hits you but does no damage.
Unknown command.
The orc wizard points at you and mumbles some strange words.
The puff of flame hits you!
You die...

#....⌠.⌠....# ##........#
#....⌠....## #..........
#..⌠.⌠..#### #.........#
##.....##..# #.........#
###.###...# #.........#
#{#.....# #.........#
#{o.....####..........
#####...................
#.......@<........######.
#.#########.......# #.
##..##### #. ##.# #. #.#
#. #.# #. +.# #. ### #.
##


You could see an orc wizard.

Vanquished Creatures
  2 adders
  A dart slug (D:1)
  A ribbon worm (D:2)
  5 ball pythons (D:2)
  5 bats
  6 endoplasms
  2 giant cockroaches
  4 hobgoblins
  6 kobolds
  A frilled lizard (D:1)
  A goblin (D:1)
  5 rats
39 creatures vanquished.

Notes
Turn   | Place    | Note
-------+----------+-------------------------------------------
     0 | D:1      | Silvore the Demonspawn Fighter began the quest for the Orb.
     0 | D:1      | Reached XP level 1. HP: 18/18 MP: 1/1
   231 | D:1      | Discovered your monstrous ancestry.
   231 | D:1      | Gained mutation: You have a small tail. [demonic ancestry]
   231 | D:1      | Reached XP level 2. HP: 14/24 MP: 2/2
  1039 | D:2      | Gained mutation: You have a pair of small horns on your
                  | head. [demonic ancestry]
  1039 | D:2      | Reached XP level 3. HP: 28/29 MP: 3/3
  1847 | D:3      | Found a radiant altar of Vehumet.
  1872 | D:3      | Killed from afar by an orc wizard

Illustrated notes

Levels and vault maps discovered:
D:1:      psy_arrival_conway, layout_basic
D:2:      layout_basic, kennysheep_decorative_pillar
D:3:      layout_basic, palyth_temple_overflow_mages, kennysheep_potato

Skill      XL: |  1  2 |
---------------+-------+-----
Long Blades    | 2 |  2.6
Shields        | 3 |  3.3
Fighting       | |  3.4
Armour         | |  2.8
Dodging        | |  0.4

Action                     || total
---------------------------++-------
  Melee: Long sword        ||   125
         Tailslap          ||    14
         Headbutt          ||     8
    Use: Scroll            ||     1
 Armour: Scale mail        ||    54
         Plate armour      ||    41
  Dodge: Dodged            ||   100
  Block: Buckler           ||    46
